 Dungeon Crawl Stone Soup version 0.28.0-62-gf88900778d (webtiles) character file.

Game seed: 2968796276350345883

19623 cbfl8 the Severer (level 12, -10/162 HPs)
             Began as a Hill Orc Berserker on June 29, 2023.
             Was a High Priest of Trog.
             Mangled by a death knight
             ... wielding a +2 broad axe
              (16 damage)
             ... on level 13 of the Dungeon.
             The game lasted 00:13:37 (17670 turns).

cbfl8 the Severer (Hill Orc Berserker)             Turns: 17670, Time: 00:13:38

Health: -10/162    AC: 17    Str: 21    XL:     12   Next: 70%
Magic:  12/12      EV: 13    Int:  7    God:    Trog [*****.]
Gold:   1432       SH:  5    Dex: 14    Spells: 11/11 levels left

rFire   . . .      SeeInvis .   s - +1 war axe (drain)
rCold   . . .      Faith    .   (no shield)
rNeg    . . .      Spirit   .   y - +3 chain mail
rPois   +          Reflect  +   (no helmet)
rElec   .          Harm     .   I - +0 cloak
rCorr   .          Rampage  .   (no gloves)
Will    .....                   r - +0 pair of boots
Stlth   ..........              d - amulet of reflection
HPRegen 0.37/turn               b - +4 ring of evasion
MPRegen 0.13/turn               J - ring of poison resistance

@: berserking, studying Evocations, very quick
A: no striking features
a: Renounce Religion, Berserk, Trog's Hand, Brothers in Arms


You were on level 13 of the Dungeon.
You worshipped Trog.
Trog was extremely pleased with you.
You visited 1 branch of the dungeon, and saw 14 of its levels.

You collected 1721 gold pieces.
You spent 289 gold pieces at shops.

Inventory:

Hand Weapons
 s - a +1 war axe of draining (weapon)
Missiles
 A - a throwing net
Armour
 r - a +0 pair of boots (worn)
 y - a +3 chain mail (worn)
 I - a +0 cloak (worn)
Jewellery
 b - a +4 ring of evasion (left hand)
 d - an amulet of reflection (around neck)
 J - a ring of poison resistance (right hand)
 M - a ring of ice
Wands
 a - a wand of flame (22)
 L - a wand of paralysis (2) (quivered)
 N - a wand of iceblast (5)
 O - a wand of polymorph (3)
Scrolls
 c - 3 scrolls of immolation
 e - a scroll of holy word {unknown}
 f - 5 scrolls of blinking
 g - 2 scrolls of fear
 i - 4 scrolls of noise
 k - 2 scrolls of amnesia {unknown}
 l - 3 scrolls of enchant armour
 n - a scroll of fog
 o - 2 scrolls of vulnerability {unknown}
 w - a scroll of torment {unknown}
 x - a scroll of summoning {unknown}
 B - 2 scrolls of magic mapping {unknown}
 D - 4 scrolls of teleportation {unknown}
 E - a scroll of enchant weapon {unknown}
 P - a scroll of silence {unknown}
 Q - 2 scrolls of brand weapon {unknown}
Potions
 h - 3 potions of flight {unknown}
 j - 3 potions of might
 m - 3 potions of heal wounds
 p - a potion of curing {unknown}
 q - a potion of lignification {unknown}
 t - 2 potions of brilliance {unknown}
 u - a potion of invisibility {unknown}
 v - 7 potions of mutation {unknown}
 z - 2 potions of attraction {unknown}
 C - 3 potions of haste {unknown}
 F - a potion of berserk rage {unknown}
 G - a potion of experience {unknown}
 H - a potion of cancellation {unknown}
Miscellaneous
 K - a piece from Xom's chessboard (15/15)


   Skills:
 + Level 10.7 Fighting
 + Level 16.3 Axes
 + Level 9.7 Armour
 + Level 3.7 Dodging
 + Level 3.1 Stealth
 + Level 4.8 Shields
 * Level 11.8 Evocations


You had 11 spell levels left.
You didn't know any spells.
Your spell library was empty.

Dungeon Overview and Level Annotations

Branches:
Dungeon (14/15)            Temple (0/1) D:7            Lair (0/6) D:9
    Orc (0/2) D:10
 Vaults: D:13-14

Altars:
Ashenzari
Qazlal
Wu Jian

Shops:
D:2 (   D:5 :[!?([


Message History

You hit the centaur warrior but do no damage.
You drain the centaur warrior.
The centaur warrior is moderately wounded.
The centaur warrior barely misses you.
The centaur warrior kicks you but does no damage.
A red film seems to cover your vision as you go berserk!
You feel yourself moving faster!
You feel mighty! The centaur warrior closely misses you.
You block the centaur warrior's attack.
The death knight offers itself to Yredelemnul, and fills with unholy energy.
You slice the centaur warrior!!
The centaur warrior is severely wounded.
The centaur warrior barely misses you. The centaur warrior kicks you.
You slice the centaur warrior!!
You kill the centaur warrior!
Trog accepts your kill.
You slash the death knight!
The death knight is lightly wounded.
The death knight reflects your damage back at you!
* * * LOW HITPOINT WARNING * * *
The death knight closely misses you.
You hit the death knight.
The death knight is lightly wounded.
The death knight reflects your damage back at you!
* * * LOW HITPOINT WARNING * * *
You slice the death knight!! You drain the death knight.
The death knight is heavily wounded.
The death knight reflects your damage back at you!
* * * LOW HITPOINT WARNING * * *
You hit the death knight but do no damage.
The death knight is heavily wounded.
The death knight hits you with a +2 broad axe.
* * * LOW HITPOINT WARNING * * *
You slice the death knight!! You drain the death knight!
The death knight is almost dead.
The death knight reflects your damage back at you!
* * * LOW HITPOINT WARNING * * *
You closely miss the death knight.
The death knight is almost dead.
The death knight hits you with a +2 broad axe!
You die...

......####..'.........#
......# ############.#
......# #.........#
#.##### ####'###### #..
#....### ### ####...#
########.## #..)......#
#.<@......# #.p.......#
#.........#
...........#
###.........#
#######.### #.# #


You could see a death knight (reflects damage, drained).

Vanquished Creatures
  Fannar (D:10)
  2 boulder beetles (D:12)
  2 hydras
  A centaur warrior (D:13)
  A two-headed ogre (D:11)
  Nergalle (D:10)
  An ugly thing (D:12)
  3 cyclopes
  A manticore (D:12)
  A gargoyle (D:12)
  A freezing wraith (D:11)
  2 kobold demonologists (D:12)
  An unseen horror (D:12)
  A komodo dragon (D:9)
  14 slime creatures
  4 fire bats (D:9)
  A wyvern (D:9)
  3 wraiths
  12 yaks
  Menkaure (D:5)
  2 steam dragons
  3 acid dragons
  A hell hound (D:9)
  5 orc warriors
  A water moccasin (D:8)
  2 ice beasts
  A black bear (D:4)
  An ogre (D:7)
  A necrophage (D:8)
  2 kobold brigands
  A wyvern zombie (D:4)
  3 bullfrogs
  A gnoll sergeant (D:8)
  A water moccasin zombie (D:5)
  Blork the orc (D:5)
  A wyvern skeleton (D:7)
  11 killer bees
  12 wights
  3 electric eels (D:9)
  3 howler monkeys
  6 centaur zombies
  2 lava snakes (D:9)
  7 orc priests
  A hound (D:5)
  3 hell rats
  13 orc wizards
  2 iguanas
  A scorpion zombie (D:5)
  3 killer bee zombies
  A howler monkey zombie (D:5)
  Robin (D:3)
  5 gnolls (D:8)
  2 adders (D:6)
  4 white imps
  2 worms
  2 dart slugs
  70 orcs
  11 endoplasms
  5 giant cockroaches
  11 goblins
  5 hobgoblins
  2 jackals (D:1)
  15 kobolds
  3 quokkas
  5 ball pythons
  2 bats
  2 frilled lizards
  5 rats
301 creatures vanquished.

Vanquished Creatures (others)
  An orc wizard (D:7)
  2 fire vortices (D:9)
  7 plants (D:9)
10 creatures vanquished.

Grand Total: 311 creatures vanquished

Notes
Turn   | Place    | Note
-------+----------+-------------------------------------------
     0 | D:1      | cbfl8 the Hill Orc Berserker began the quest for the Orb.
     0 | D:1      | Reached XP level 1. HP: 19/19 MP: 1/1
   167 | D:1      | Found a faded altar of an unknown god.
   177 | D:1      | Reached XP level 2. HP: 22/27 MP: 2/2
   639 | D:1      | Reached ** piety under Trog
   751 | D:1      | Reached XP level 3. HP: 27/33 MP: 3/3
  1693 | D:2      | Found Efoad's Weapon Shoppe.
  2263 | D:3      | Reached skill level 5 in Axes
  2431 | D:3      | Reached skill level 1 in Evocations
  2505 | D:3      | Noticed Robin
  2507 | D:3      | Reached XP level 4. HP: 40/40 MP: 4/4
  2518 | D:3      | Killed Robin
  2931 | D:3      | Identified a scroll of acquirement
  2933 | D:3      | Acquired 787 gold pieces
  3062 | D:4      | Noticed an ice beast
  3072 | D:4      | Killed an ice beast
  3073 | D:4      | Reached XP level 5. HP: 47/47 MP: 5/5
  3242 | D:4      | Reached skill level 6 in Axes
  3242 | D:4      | Reached XP level 6. HP: 36/53 MP: 6/6
  3344 | D:4      | Found a broken altar of Ashenzari.
  3597 | D:4      | Noticed a black bear
  3606 | D:4      | Killed a black bear
  3607 | D:4      | Reached skill level 1 in Shields
  3825 | D:5      | Entered Level 5 of the Dungeon
  3969 | D:5      | Found Jegul's Book Shop.
  4047 | D:5      | Found Ugi Fam's Distillery.
  4048 | D:5      | Found Dyx Dac's Antique Armour Shoppe.
  4048 | D:5      | Found Cogueczo's Magic Scroll Emporium.
  4049 | D:5      | Found Veklanoe's Armour Shoppe.
  4049 | D:5      | Found Ezaf's Weapon Shop.
  4479 | D:5      | Bought a potion of might for 44 gold pieces
  4479 | D:5      | Bought a potion of might for 44 gold pieces
  4483 | D:5      | Bought a potion of heal wounds for 55 gold pieces
  4485 | D:5      | Bought a +1 war axe of draining for 146 gold pieces
  4495 | D:5      | Noticed Menkaure
  4503 | D:5      | Reached XP level 7. HP: 60/60 MP: 7/7
  4503 | D:5      | Killed Menkaure
  4504 | D:5      | Reached skill level 7 in Axes
  4511 | D:5      | Reached skill level 5 in Fighting
  4530 | D:5      | Reached *** piety under Trog
  5005 | D:5      | Noticed Blork the orc
  5010 | D:5      | Killed Blork the orc
  5211 | D:6      | Reached skill level 8 in Axes
  5212 | D:6      | Reached skill level 1 in Stealth
  5212 | D:6      | Reached XP level 8. HP: 57/68 MP: 8/8
  5689 | D:6      | Reached skill level 9 in Axes
  6297 | D:6      | Found an ornate altar of the Wu Jian Council.
  6380 | D:6      | Reached skill level 5 in Armour
  6500 | D:6      | Found a stormy altar of Qazlal.
  6504 | D:6      | Noticed an air elemental
  6504 | D:6      | Noticed a water elemental
  6687 | D:7      | Found a staircase to the Ecumenical Temple.
  6911 | D:7      | Reached skill level 10 in Axes
  6911 | D:7      | Reached XP level 9. HP: 51/75 MP: 9/9
  7519 | D:7      | Reached skill level 5 in Evocations
  7628 | D:7      | Reached skill level 11 in Axes
  8041 | D:8      | Reached **** piety under Trog
  8043 | D:8      | Identified the +1 robe "Qonuak Viqeu" {Harm rCorr Str+4
                  | Int+3}
  8394 | D:8      | Reached skill level 12 in Axes
  8423 | D:8      | Reached XP level 10. HP: 50/86 MP: 10/10
 10459 | D:9      | Found a staircase to the Lair.
 10470 | D:9      | Reached skill level 13 in Axes
 11442 | D:10     | Entered Level 10 of the Dungeon
 11653 | D:10     | Found a staircase to the Orcish Mines.
 11698 | D:10     | Reached ***** piety under Trog
 12034 | D:10     | Noticed Nergalle
 12048 | D:10     | Killed Nergalle
 12049 | D:10     | Reached XP level 11. HP: 94/94 MP: 11/11
 12267 | D:10     | Noticed Fannar
 12281 | D:10     | Killed Fannar
 12282 | D:10     | Reached skill level 14 in Axes
 13021 | D:11     | Noticed a two-headed ogre
 13028 | D:11     | Killed a two-headed ogre
 13235 | D:11     | Noticed a cyclops
 13250 | D:11     | Killed a cyclops
 13544 | D:11     | Noticed a cyclops
 13550 | D:11     | Killed a cyclops
 13616 | D:11     | Reached skill level 10 in Evocations
 13645 | D:11     | Reached skill level 15 in Axes
 14075 | D:11     | HP: 7/142 [freezing wraith (23)]
 14576 | D:11     | Noticed a seven-headed hydra
 14584 | D:11     | Killed an 11-headed hydra
 15453 | D:12     | Reached XP level 12. HP: 104/104 MP: 12/12
 15746 | D:12     | Reached skill level 10 in Fighting
 16241 | D:12     | Noticed a boulder beetle
 16252 | D:12     | Killed a boulder beetle
 16425 | D:12     | Noticed a boulder beetle
 16447 | D:12     | Killed a boulder beetle
 16448 | D:12     | Reached skill level 16 in Axes
 16961 | D:13     | Noticed a six-headed hydra
 16962 | D:13     | Noticed a two-headed ogre
 17367 | D:14     | Noticed a seven-headed hydra
 17368 | D:14     | Noticed a six-headed hydra
 17370 | D:14     | Noticed a four-headed hydra
 17470 | D:13     | Noticed a five-headed hydra
 17484 | D:13     | Killed a 14-headed hydra
 17652 | D:13     | Noticed a centaur warrior
 17657 | D:13     | Noticed a death knight
 17663 | D:13     | Killed a centaur warrior
 17669 | D:13     | HP: 6/162 [mirror damage (18)]
 17670 | D:13     | Mangled by a death knight

Illustrated notes

Levels and vault maps discovered:
D:1:      minmay_arrival_arboretum_small, layout_loops_corners,
          basic_ecumenical_altar
D:2:      layout_loops_corners, serial_shops,
          nicolae_shop_temple_entry_statues_fountains, minmay_parallelograms,
          minmay_misc_feat_roman
D:3:      layout_basic, hangedman_abyss_or_decor_lesser_grid, minivault_23,
          uniq_robin
D:4:      black_bear_nest_1, layout_basic, lemuel_round_altar,
          kennysheep_generic_room_3
D:5:      layout_loops_ring, minmay_misc_feat_alley, nicolae_wooded_promenade,
          uniq_blork_the_orc, uniq_menkaure
D:6:      layout_loops_cross, nicolae_qazlal_style_of_elements,
          nzn_wu_jian_council_hall
D:7:      layout_cave_pods, minmay_temple_entry_statues,
          minmay_manual_monstrance
D:8:      layout_loops_ring
D:9:      layout_basic, david_lair_shrubbed, st_stairs_13, grunt_decor_fettered,
          hangedman_incinerator
D:10:     layout_rooms, hiddenorc2_lemuel, uniq_fannar, uniq_nergalle
D:11:     layout_gridville
D:12:     layout_roguey
D:13:     layout_roguey, erik_vaults_1
D:14:     layout_roguey [special_room_mythical_zoo], hex_medium,
          nicolae_hepliaklqana_hazy_memory

Skill      XL: |  1  2  3  4  5  6  7  8  9 10 11 12 |
---------------+-------------------------------------+-----
Fighting       | 4 5 6 7 8 9 10 | 10.7
Axes           | 5 6 8 10 12 13 15 16 | 16.3
Evocations     | 1 2 3 4 6 8 10 11 | 11.8
Armour         | 3 4 5 6 7 8 9 |  9.7
Dodging        | 2 3 |  3.7
Shields        | 1 2 3 4 |  4.8
Stealth        | 1 2 3 |  3.1

Action                   |  1- 3 |  4- 6 |  7- 9 | 10-12 || total
-------------------------+-------+-------+-------+-------++-------
Melee: Hand axe          |   117 |       |       |       ||   117
       War axe           |     3 |    91 |   292 |   569 ||   955
       Punch             |       |     3 |     1 |    12 ||    16
Invok: Berserk           |       |     2 |     5 |    13 ||    20
       Trog's Hand       |       |       |     1 |       ||     1
Evoke: Wand              |       |       |       |     2 ||     2
  Use: Scroll            |       |     4 |     2 |     4 ||    10
       Potion            |       |       |     1 |       ||     1
 Stab: Sleeping          |     1 |       |       |       ||     1
       Paralysed         |       |       |       |     7 ||     7
Armor: Animal skin       |     9 |       |       |       ||     9
       Scale mail        |    16 |    38 |     5 |       ||    59
       Ring mail         |     8 |       |       |       ||     8
       Chain mail        |       |       |   114 |   210 ||   324
Dodge: Dodged            |    65 |    46 |   138 |   284 ||   533
Block: Other             |     7 |    32 |    61 |   104 ||   204
       Reflection        |       |       |     1 |     3 ||     4
